 Dungeon Crawl Stone Soup version 0.17.1-1-g73c8601 (webtiles) character file.

226 Runnr the Grave Robber (level 5, -2/38 HPs)
             Began as a Demonspawn Necromancer on Dec 19, 2015.
             Slain by a mummy (19 damage)
             ... in an ossuary.
             The game lasted 00:13:43 (3381 turns).

Runnr the Grave Robber (Demonspawn Necromancer)     Turns: 3381, Time: 00:13:43

Health: -2/38      AC:  5    Str:  8    XL:     5   Next: 69%
Magic:  9/9        EV: 13    Int: 16    God:
Gold:   256        SH:  0    Dex: 15    Spells: 4 memorised, 2 levels left

rFire  . . .     SeeInvis .     g - +1 mace (drain)
rCold  . . .     Clarity  .     a - +0 robe
rNeg   . . .     SustAt   .     (no shield)
rPois  .         Gourm    .     (no helmet)
rElec  .         Spirit   .     n - +0 cloak
rCorr  .         Warding  .     r - +0 pair of gloves
rMut   .         Stasis   .     (no boots)
MR     .....                    (no amulet)
Stlth  ++........               (no ring)
                                (no ring)

@: not resistant to hostile enchantments, unstealthy
A: molten scales 1, powered by death 1
a: no special abilities


You were in an ossuary.
You were very hungry.

You visited 1 branch of the dungeon, and saw 4 of its levels.
You also visited: Ossuary.

You collected 256 gold pieces.

Inventory:

Hand Weapons
 g - a +1 mace of draining (weapon)
 u - a +3 dagger
 D - a cursed -2 great mace
Missiles
 w - a throwing net (quivered)
Armour
 a - a +0 robe (worn)
 n - a +0 cloak (worn)
 r - a +0 pair of gloves (worn)
Jewellery
 f - an uncursed ring of flight {unknown}
 x - a cursed -3 ring of dexterity {unknown}
Wands
 v - a wand of digging (11)
Scrolls
 d - 2 scrolls of blinking {unknown}
 i - 3 scrolls of fog {unknown}
 j - 2 scrolls of identify
 k - a scroll of random uselessness {unknown}
 l - 2 scrolls of recharging {unknown}
 o - a scroll of fear {unknown}
 p - a scroll of magic mapping
 y - a scroll of teleportation {unknown}
 C - a scroll of enchant weapon {unknown}
Potions
 e - a potion of heal wounds {unknown}
 h - a potion of cancellation {unknown}
 m - a potion of curing
 A - a potion of berserk rage {unknown}
 B - a potion of agility {unknown}
Books
 b - a book of Necromancy

   Spells                             Type                      Level
   a - Pain                           Necromancy                   1
   b - Animate Skeleton               Necromancy                   1
   c - Vampiric Draining              Necromancy                   3
   d - Regeneration                   Charms/Necromancy            3
   e - Animate Dead                   Necromancy                   4
   f - Control Undead                 Necromancy                   4
Comestibles
 c - 6 bread rations
 q - 2 meat rations
 s - 2 fruits
 t - 2 slices of pizza
 z - a royal jelly


   Skills:
 + Level 2.2 Fighting
 + Level 3.2 Dodging
 - Level 1.7 Stealth
 + Level 3.2 Spellcasting
 + Level 5.4 Necromancy


You had 2 spell levels left.
You knew the following spells:

 Your Spells              Type           Power        Failure   Level  Hunger
a - Pain                  Necr           ###.         1%          1    None
b - Animate Skeleton      Necr           N/A          1%          1    None
c - Vampiric Draining     Necr           ###.......   8%          3    ###....
d - Regeneration          Chrm/Necr      ##........   17%         3    ###....


Dungeon Overview and Level Annotations

Branches:
Dungeon (4/15)
 Temple: D:4-7

Altars:
Cheibriados
Ru
Trog

Shops:
D:4 (


Innate Abilities, Weirdness & Mutations

You are partially covered in molten scales (AC +1).
You regenerate a little health from kills.


Message History

The mummy misses you. The mummy hits you.
You sock the mummy!
The mummy is severely damaged.
The mummy hits you! The mummy closely misses you.
You hit the mummy but do no damage.
The mummy is severely damaged.
The mummy hits you!
* * * LOW HITPOINT WARNING * * *
Casting: Pain
Confirm with . or Enter, or press ? or * to list all spells.
Okay, then.
Casting: Pain
Confirm with . or Enter, or press ? or * to list all spells.
Okay, then.
Read which item? (? for menu, Esc to quit)
Okay, then.
Drink which item? (? for menu, Esc to quit)
It was a potion of curing.
You feel better. The mummy hits you!!
Ouch! That really hurt!
You die...

......#
#....#
#....#
#....#
#....#
#....#
#....#
#.MM.#
#..@.#
#.∩∩.#
######


You could see 2 mummies.

Vanquished Creatures
  A worker ant (D:3)
  2 mummies (Ossuary)
  5 adders
  4 gnolls (D:3)
  An ooze (D:1)
  4 worms (D:2)
  A giant gecko (D:3)
  6 orcs
  6 goblins
  3 hobgoblins
  11 kobolds
  2 quokkas
  8 bats
  6 giant cockroaches
  4 giant newts
  A gnoll zombie (Ossuary)
  3 hobgoblin zombies (Ossuary)
  A kobold zombie (Ossuary)
  2 orc zombies (Ossuary)
  3 rats
74 creatures vanquished.

Vanquished Creatures (collateral kills)
  An adder (D:2)
  A worm (D:2)
  A hobgoblin (D:2)
  A kobold (D:2)
4 creatures vanquished.

Vanquished Creatures (others)
  A goblin (D:1)
1 creature vanquished.

Grand Total: 79 creatures vanquished

Notes
Turn   | Place    | Note
--------------------------------------------------------------
     0 | D:1      | Runnr the Demonspawn Necromancer began the quest for the Orb.
     0 | D:1      | Reached XP level 1. HP: 13/13 MP: 3/3
   377 | D:1      | Gained mutation: You are partially covered in molten scales (AC +1). [demonic ancestry]
   377 | D:1      | Reached XP level 2. HP: 10/20 MP: 0/5
   645 | D:1      | Learned a level 1 spell: Animate Skeleton
   702 | D:2      | Found a snail-covered altar of Cheibriados.
   822 | D:2      | Reached skill level 1 in Fighting
   822 | D:2      | Reached XP level 3. HP: 19/26 MP: 4/6
  1690 | D:2      | Reached XP level 4. HP: 32/32 MP: 7/7
  1955 | D:3      | Found a sacrificial altar of Ru.
  2070 | D:3      | Reached skill level 5 in Necromancy
  2731 | D:3      | Gained mutation: You regenerate a little health from kills. [demonic ancestry]
  2731 | D:3      | Reached XP level 5. HP: 28/37 MP: 6/9
  2987 | D:3      | Found a bloodstained altar of Trog.
  3182 | D:4      | Found Zilaom's Antique Weapon Emporium.
  3230 | D:4      | Found a sand-covered staircase.
  3235 | Ossuary  | Entered an ossuary
  3261 | Ossuary  | Learned a level 3 spell: Vampiric Draining
  3295 | Ossuary  | Learned a level 3 spell: Regeneration
  3381 | Ossuary  | Slain by a mummy

Action                   |  1- 3 |  4- 6 || total
-------------------------+-------+-------++-------
Melee: Mace              |    65 |   102 ||   167
 Cast: Pain              |    52 |    42 ||    94
       Animate Skeleton  |     6 |    10 ||    16
  Use: Scroll            |       |     2 ||     2
       Potion            |       |     1 ||     1
 Stab: Sleeping          |     1 |     2 ||     3
  Eat: Chunk             |     3 |     5 ||     8
